 Dungeon Crawl Stone Soup version 0.23-a0-899-gbbae0a3 (webtiles) character file.

Game seed: 13690575034340014400

47 Lanoc the Skirmisher (level 3, -6/31 HPs)
             Began as a Demonspawn Chaos Knight on Jan 30, 2019.
             Was a Plaything of Xom.
             Killed by divine providence
             ... invoked by an orc priest
              (11 damage)
             ... on level 3 of the Dungeon.
             The game lasted 00:03:41 (1420 turns).

Lanoc the Skirmisher (Demonspawn Chaos Knight)      Turns: 1420, Time: 00:03:41

Health: -6/31      AC:  8    Str: 13    XL:     3   Next: 48%
Magic:  3/3        EV: 12    Int: 13    God:    Xom [....*.]
Gold:   57         SH:  2    Dex: 14    Spells: 2/2 levels left

rFire    . . .     SeeInvis .   a - +0 hand axe (chaos)
rCold    . . .     Gourm    .   (no shield)
rNeg     . . .     Faith    .   b - +3 leather armour
rPois    .         Spirit   .   (no helmet)
rElec    .         Reflect  +   (no cloak)
rCorr    .         Harm     .   (no gloves)
MR       .....     Clarity  +   (no boots)
Stlth    +.........             u - +2 amulet of reflection
HPRegen  0.10/turn              l - ring of wizardry
MPRegen  0.08/turn              (no ring)

@: no status effects
A: yellow scales 1, agile 1, clarity, sense surroundings 1, robust 1
a: Renounce Religion


You were on level 3 of the Dungeon.
You worshipped Xom.
You were a beloved toy of Xom.
You were not hungry.

You visited 1 branch of the dungeon, and saw 3 of its levels.

You collected 57 gold pieces.

Inventory:

Hand Weapons
 a - a +0 hand axe of chaos (weapon)
Missiles
 j - 91 arrows
 k - 27 sling bullets
 o - 41 bolts
Armour
 b - a +3 leather armour (worn)
Jewellery
 l - a ring of wizardry (left hand)
 u - a +2 amulet of reflection (around neck)
Scrolls
 d - 2 scrolls of teleportation
 e - a scroll of magic mapping
Potions
 g - a potion of degeneration {unknown}
 n - a potion of heal wounds {unknown}
 s - a potion of curing
 t - a potion of flight
Comestibles
 c - 4 rations
 f - 9 chunks of flesh


   Skills:
 + Level 3.6 Fighting
 - Level 2.6 Axes
 + Level 2.4 Armour
 + Level 1.9 Dodging


You had 2 spell levels left.
You didn't know any spells.
Your spell library was empty.

Dungeon Overview and Level Annotations

Branches:
Dungeon (3/15)

Altars:
Elyvilon
Uskayaw
Vehumet
Wu Jian


Innate Abilities, Weirdness & Mutations

You are partially covered in yellow scales. (AC +2)
You are agile. (Dex +2)
You possess an exceptional clarity of mind.
You passively map a small area around you.
You are robust. (+10% HP)


Message History

Something hits you but does no damage. x2
Something hits you.
Found a metal-bound book.
You see here a frilled lizard corpse.
You miss something. x2; Something hits you but does no damage. x2
You miss something. You hit something. You freeze something.
Reactivating autopickup.
You feel a bit more experienced.
You hear some strange, mumbled words.
A magic dart appears from out of thin air!
Deactivating autopickup; reactivate with Ctrl-A.
The magic dart hits you.
* * * LOW HITPOINT WARNING * * *
You hit something.
The orc priest is no longer paralysed.
Something hits you.
* * * LOW HITPOINT WARNING * * *
The orc priest calls down the wrath of Beogh upon you.
Beogh smites you!
You die...
Xom guffaws!

* * * * * ... , *
##..... * , * ,*
#...... * , ## , ,
#...#'###### ,..# *
###...#.##...# ....
......#.##...###..$..
#.....##..†#....##.
#.........)@o...... *
#....###...#....##. *
* #...))†...##....#*
* #...)(###.#*...:# ,
#.....# #.# ....#
#....)###.# ....# *
......#((<#.#*#####
.......#####.#*
.......


You could see an orc priest.

Vanquished Creatures
  4 dart slugs
  3 orcs (D:3)
  3 hobgoblins
  5 jackals
  A ball python (D:1)
  6 bats
  3 frilled lizards
  5 goblins
  4 kobolds
  A rat (D:2)
35 creatures vanquished.

Notes
Turn   | Place    | Note
-------+----------+-------------------------------------------
     0 | D:1      | Lanoc the Demonspawn Chaos Knight began the quest for the
                  | Orb.
     0 | D:1      | Reached XP level 1. HP: 18/18 MP: 1/1
    27 | D:1      | Reached skill level 1 in Dodging
    65 | D:1      | XOM: harmless Fire miscast
    78 | D:1      | XOM: give mutations
    78 | D:1      | Gained mutation: You passively map a small area around you.
                  | [Xom's grace]
    78 | D:1      | Gained mutation: You are agile. (Dex +2) [Xom's grace]
    78 | D:1      | Gained mutation: You possess an exceptional clarity of
                  | mind. [Xom's grace]
    78 | D:1      | Gained mutation: You are robust. (+10% HP) [Xom's grace]
   196 | D:1      | Gained mutation: You are partially covered in yellow
                  | scales. (AC +2) [demonic ancestry]
   196 | D:1      | Reached XP level 2. HP: 24/26 MP: 2/2
   431 | D:1      | XOM: scenery: 1 doors open
   701 | D:2      | Found a radiant altar of Vehumet.
   776 | D:2      | Found a hide-covered altar of Uskayaw.
   779 | D:2      | Found an ornate altar of the Wu Jian Council.
   780 | D:2      | Found a white marble altar of Elyvilon.
   901 | D:2      | XOM: cloud trail
  1267 | D:3      | Reached XP level 3. HP: 29/31 MP: 3/3
  1390 | D:3      | XOM: scenery: 2 doors open
  1410 | D:3      | XOM: enchant monster (good)
  1420 | D:3      | Killed from afar by an orc priest

Vault maps used:
D:1:      eino_arrival_druids_welcome, serial_rivers,
          chequers_serial_rivers_room_a, chequers_serial_rivers_micro_b,
          chequers_serial_rivers_micro_a, chequers_serial_rivers_micro_e
D:2:      lemuel_round_altar, gammafunk_temple_overflow_forgotten,
          minmay_crystal_room, minivault_19
D:3:      uniq_terence, uniq_robin

Skill      XL: |  1 |
---------------+----+-----
Dodging        | 1 |  1.9
Armour         | 2 |  2.4
Fighting       | |  3.6
Axes           | |  2.6

Action                   || total
-------------------------++-------
Melee: Hand axe          ||    90
  Use: Scroll            ||     9
 Stab: Sleeping          ||     2
  Eat: Chunk             ||     2
Armor: Leather armour    ||    57
Dodge: Dodged            ||    72
Block: Other             ||     2
       Reflection        ||     1

Table legend:
 A = Non-vault XP
 B = Vault XP
 C = Vault XP percentage of total XP
 D = Non-vault monster count
 E = Vault monster count
 F = Vault count percentage of total count
                 A         B        C        D         E       F
            +---------+---------+-------+---------+---------+-------
      Total |      68 |       0 |   0.0 |      35 |       0 |   0.0
            +---------+---------+-------+---------+---------+-------
        D:1 |      25 |       0 |   0.0 |      13 |       0 |   0.0
        D:2 |      11 |       0 |   0.0 |       8 |       0 |   0.0
        D:3 |      32 |       0 |   0.0 |      14 |       0 |   0.0
            +---------+---------+-------+---------+---------+-------
